 Dungeon Crawl Stone Soup version 0.28.0-1-gb440e238dd (webtiles) character file.

Game seed: 12981133220205050938

19 spaghetti the Skirmisher (level 2, -2/24 HPs)
             Began as a Demonspawn Fighter on Feb 20, 2022.
             Slain by Natasha (7 damage)
             ... on level 2 of the Dungeon.
             The game lasted 00:01:20 (1068 turns).

spaghetti the Skirmisher (Demonspawn Fighter)       Turns: 1068, Time: 00:01:21

Health: -2/24      AC:  6    Str: 16    XL:     2   Next: 55%
Magic:  2/2        EV:  9    Int:  9    God:
Gold:   32         SH:  0    Dex: 12    Spells: 1/1 levels left

rFire   . . .      SeeInvis .   f - +4 dagger (venom)
rCold   . . .      Faith    .   e - orb {mayhem}
rNeg    . . .      Spirit   .   b - +0 scale mail
rPois   .          Reflect  .   (no helmet)
rElec   .          Harm     .   (no cloak)
rCorr   .          Rampage  .   (no gloves)
Will    .....                   (no boots)
Stlth   ..........              (no amulet)
HPRegen 0.88/turn               (no ring)
MPRegen 0.08/turn               (no ring)

@: no status effects
A: demonic touch 1, deterioration 1, regeneration 1
a: no special abilities


You were on level 2 of the Dungeon.
You visited 1 branch of the dungeon, and saw 2 of its levels.

You collected 32 gold pieces.

Inventory:

Hand Weapons
 a - a +0 long sword
 f - a +4 dagger of venom (weapon)
Armour
 b - a +0 scale mail (worn)
 c - a +0 buckler
 e - an orb of mayhem (worn)
Potions
 d - a potion of might
 h - a potion of invisibility {unknown}


   Skills:
 - Level 3.0 Fighting
 + Level 1.3(2.1) Short Blades
 - Level 2.4(2.6) Long Blades
 - Level 2.6 Armour
 - Level 2.6 Shields


You had one spell level left.
You didn't know any spells.
Your spell library was empty.

Dungeon Overview and Level Annotations

Branches:
Dungeon (2/15)

Altars:

Shops:
D:1 (

Annotations:
D:2 Natasha


Innate Abilities, Weirdness & Mutations

Your touch may inflict minor irresistible damage on your foes.
Your body sometimes deteriorates upon taking damage.
Your natural rate of healing is unusually fast.


Message History

No target in view!
No target in view!
HP restored.
A worm comes into view.
A worm is nearby!
A worm is nearby!
Natasha, Servant of Life and Death comes into view.
Found 14 stones.
Natasha hisses angrily.
You hear an angry hiss.
An adder comes into view.
Natasha moves out of view.
The adder moves out of view.
Found a scroll labelled WEOCONLUSO.
Natasha mewls in sadness.
You hit the worm.
The worm is poisoned.
The worm is moderately wounded.
The worm bites you.
You hit the worm but do no damage.
The worm looks as sick as possible!
The worm is moderately wounded.
Natasha casts a spell at you. The magic dart hits you!
* * * LOW HITPOINT WARNING * * *
You are too injured to fight recklessly!
You are too injured to fight recklessly!
You are too injured to fight recklessly!
You are too injured to fight recklessly!
You are too injured to fight recklessly!
You are too injured to fight recklessly!
You are too injured to fight recklessly!
You are too injured to fight recklessly!
You are too injured to fight recklessly!
You are too injured to fight recklessly!
You are too injured to fight recklessly!
There are monsters nearby!
Unknown command.
It was a potion of mutation.
You feel extremely strange.
You feel yourself wasting away.
You begin to heal more quickly.
The worm bites you.
* * * LOW HITPOINT WARNING * * *
Natasha claws you!
You die...

##.. ..(.# ## ....
##.. ...# ....
...####.#.##....
.......?.....
#w...#....#
###Sh.......#
##..@#.###...###
...........$....$..
.....###..#........
.### #..##........ .#
#.###........ ..###
#.# #........
.....####.###........
........#.##...##.###
#...........####.#


You could see a worm (extremely poisoned), Natasha and an adder.

Vanquished Creatures
  An endoplasm (D:1)
  3 giant cockroaches
  4 goblins (D:1)
  2 quokkas (D:1)
  3 ball pythons (D:1)
  2 bats
  2 frilled lizards (D:1)
17 creatures vanquished.

Notes
Turn   | Place    | Note
-------+----------+-------------------------------------------
     0 | D:1      | spaghetti the Demonspawn Fighter began the quest for the
                  | Orb.
     0 | D:1      | Reached XP level 1. HP: 18/18 MP: 1/1
   379 | D:1      | Found Gareig's Antique Weapon Shoppe.
   449 | D:1      | Gained mutation: Your touch may inflict minor irresistible
                  | damage on your foes. [demonic ancestry]
   449 | D:1      | Reached XP level 2. HP: 24/24 MP: 2/2
   588 | D:1      | Reached skill level 1 in Short Blades
   920 | D:1      | Found a faded altar of an unknown god.
  1063 | D:2      | Noticed Natasha
  1067 | D:2      | Gained mutation: Your body sometimes deteriorates upon
                  | taking damage. [potion of mutation]
  1067 | D:2      | Gained mutation: Your natural rate of healing is unusually
                  | fast. [potion of mutation]
  1068 | D:2      | Slain by Natasha

Illustrated notes

Levels and vault maps discovered:
D:1:      zelgadis_glass_arrival_small, layout_loops_corners, serial_shops,
          nicolae_shop_statue_plus, shapermc_ecumenical_altar_pompeii
D:2:      layout_rooms, uniq_natasha

Skill      XL: |  1  2 |
---------------+-------+-----
Long Blades    | 2 |  2.4
Short Blades   | 1 |  1.3
Fighting       | |  3.0
Armour         | |  2.6
Shields        | |  2.6

Action                   || total
-------------------------++-------
Melee: Long sword        ||    15
       Dagger            ||    25
  Use: Potion            ||     1
Armor: Scale mail        ||    15
Dodge: Dodged            ||    14
Block: Buckler           ||     2
